 Dungeon Crawl Stone Soup version 0.27.1-4-g1640c2035a (webtiles) character file.

Game seed: 9684365949166177107

38 Skeral the Stinger (level 3, 20/20 HPs)
             Began as a Gargoyle Venom Mage on Nov 18, 2021.
             Was a Follower of Trog.
             Quit the game on level 2 of the Dungeon.
             The game lasted 00:04:13 (583 turns).

Skeral the Stinger (Gargoyle Venom Mage)             Turns: 583, Time: 00:04:13

Health: 20/20      AC:  5    Str: 11    XL:     3   Next: 43%
Magic:  4/6        EV: 11    Int: 16    God:    Trog [*.....]
Gold:   42         SH:  0    Dex: 10    Spells: 5/6 levels left

rFire    . . .     SeeInvis .   c - +0 short sword
rCold    . . .     Faith    .   (no shield)
rNeg     + . .     Spirit   .   a - +0 robe
rPois    ∞         Reflect  .   (no helmet)
rElec    +         Harm     .   (no cloak)
rCorr    .         Rampage  .   (no gloves)
Will     .....                  (no boots)
Stlth    ++........             (no amulet)
HPRegen  0.06/turn              (no ring)
MPRegen  0.10/turn              (no ring)

@: no status effects
A: sickness immunity, AC +3, negative energy resistance 1, electricity
resistance, torment resistance 1, petrification resistance
a: Renounce Religion, Berserk


You were on level 2 of the Dungeon.
You worshipped Trog.
Trog was aware of your devotion.
You visited 1 branch of the dungeon, and saw 2 of its levels.

You collected 42 gold pieces.


Innate Abilities, Weirdness & Mutations

You are immune to sickness and miasma.
Your stone body is resilient. (AC +3)
You are immune to poison.
You resist negative energy. (rN+)
You are resistant to electric shocks. (rElec)
You are resistant to unholy torment.
You are immune to petrification.


   Skills:
 + Level 1.4 Fighting
 - Level 1.5 Dodging
 - Level 2.1 Stealth
 - Level 2.4 Spellcasting
 - Level 0.6 Conjurations
 - Level 0.7 Transmutations
 - Level 0.4 Air Magic
 - Level 3.4 Poison Magic


You had 5 spell levels left.
You knew the following spells:

 Your Spells              Type           Power      Damage    Failure   Level
s - Sting                 Tmut/Pois      32%        1d4       9%          1

Your spell library contained the following spells:

 Spells                   Type           Power      Damage    Failure   Level
 Poisonous Vapours        Pois/Air       16%        N/A       14%         2
 Mephitic Cloud           Conj/Pois/Air  6%         N/A       32%         3
 Olgreb's Toxic Radiance  Pois           12%        N/A       43%         4

Inventory:

Hand Weapons
 c - a +0 short sword (weapon)
   (You took it off a kobold on level 1 of the Dungeon)
Armour
 a - a +0 robe (worn)
Scrolls
 b - a scroll of identify {unknown}
Potions
 d - 3 potions of attraction {unknown}
 e - a potion of brilliance {unknown}
 f - a potion of ambrosia {unknown}

Dungeon Overview and Level Annotations

Branches:
Dungeon (2/15)

Altars:
Trog

. .. #.. ###. #.# #.# ..#
.). #.# ###.# #..# #..
... ...# #..# ##.#####.#
#..# #..# .........# #..#
#..###.# #<#
#.####..###...... #.#
#............###..#
#.#####.####>..@..O.....#
#.................#####.
#######...........##
#............#
###########..# #..# #).#
#..# #..#


You could see an ogre.


Message History

You miscast Sting.
Nothing appears to happen.
The gnoll hits you from afar with a +0 spear. 😕 HP[-1] MP[-1]
You take 1 damage, and now have 17/20 hp.
You lost 1 mp, and now have 1/6 mp.
Casting: Sting (safe; 9% risk of failure)
Confirm with . or Enter, or press ? or * to list all spells.
Aiming: Sting (safe; 9% risk of failure)
Press: ? - help, Shift-Dir - straight line, f/p - gnoll
Aim: a gnoll, wielding a +0 spear (72% to hit)
The sting hits the gnoll but does no damage.
The gnoll is poisoned.
The gnoll completely misses you. 😕 MP[-1]
You lost 1 mp, and now have 0/6 mp. 😕 HP[+1]
The gnoll looks more healthy. 😕 MP[+1]
Casting: Sting (safe; 9% risk of failure)
Confirm with . or Enter, or press ? or * to list all spells.
Aiming: Sting (safe; 9% risk of failure)
Press: ? - help, Shift-Dir - straight line, f/p - gnoll
Aim: a gnoll, wielding a +0 spear (moderately wounded, 72% to hit)
The sting hits the gnoll.
The gnoll is poisoned.
The gnoll barely misses you.
Your magical contamination has completely faded away. 😕 MP[-1]
You lost 1 mp, and now have 0/6 mp.
The gnoll barely misses you.
You hit the gnoll but do no damage. The gnoll hits you but does no damage.
You completely miss the gnoll.
The gnoll looks more healthy.
The gnoll closely misses you.
You barely miss the gnoll. The gnoll hits you but does no damage.
You hit the gnoll.
You kill the gnoll!
You see here a +0 spear. 😕 HP[+1] MP[+1]
Found a stone staircase leading up.
A hobgoblin comes into view.
The hobgoblin shouts!
A giant cockroach comes into view.
Casting: Sting (safe; 9% risk of failure)
Confirm with . or Enter, or press ? or * to list all spells.
Aiming: Sting (safe; 9% risk of failure)
Press: ? - help, Shift-Dir - straight line, f - hobgoblin
Aim: a hobgoblin (68% to hit)
The sting hits the hobgoblin.
The hobgoblin is poisoned. 😕 MP[-1]
You lost 1 mp, and now have 0/6 mp.
You hit the hobgoblin.
You kill the hobgoblin! 😕 MP[+1]
You see here a hobgoblin corpse.
The giant cockroach bites you.
The giant cockroach bites you but does no damage. 😕 HP[-1]
You take 1 damage, and now have 18/20 hp.
You closely miss the giant cockroach.
The giant cockroach bites you but does no damage.
You closely miss the giant cockroach. The giant cockroach barely misses you.
You hit the giant cockroach. The giant cockroach barely misses you.
The giant cockroach completely misses you.
You hit the giant cockroach but do no damage.
The giant cockroach barely misses you. 😕 HP[+1]
You barely miss the giant cockroach. The giant cockroach barely misses you.
You hit the giant cockroach but do no damage.
The giant cockroach barely misses you.
You hit the giant cockroach but do no damage.
The giant cockroach bites you but does no damage. x2 😕 MP[+1]
You hit the giant cockroach but do no damage.
The giant cockroach barely misses you.
You hit the giant cockroach.
You kill the giant cockroach!
You see here a giant cockroach corpse.
You see here a hobgoblin corpse. 😕 MP[+1] 😎 HP[+1]
Your hp is fully restored (20). 😎 MP[+1]
Things that are here:
a +0 club; a bat corpse The ogre shouts!
You hear an angry hiss.
Casting: Sting (safe; 9% risk of failure)
Confirm with . or Enter, or press ? or * to list all spells.
You can't see any susceptible monsters within range! (Use Z to cast anyway.) Unknown command.
There is a faded altar of an unknown god here.
You cannot tell which god this altar belongs to.
Convert to them anyway?
Okay, then.
You cannot tell which god this altar belongs to.
Convert to them anyway?
Trog accepts your prayer! Trog welcomes you!
You can now go berserk at will.
Okay, then.
Unknown command.
Press < or > to pray at altars.
Unknown command.
Press < or > to pray at altars.
Are you sure you want to abandon this character and quit the game? (Confirm with "yes".)

Skill      XL: |  1  2 |
---------------+-------+-----
Fighting       | 1 |  1.4
Dodging        | |  1.5
Stealth        | |  2.1
Spellcasting   | |  2.4
Conjurations   | |  0.6
Transmutations | |  0.7
Air Magic      | |  0.4
Poison Magic   | |  3.4

Action                   || total
-------------------------++-------
Melee: Short sword       ||    37
       Unarmed           ||     1
 Cast: Sting             ||    20
Armor: Robe              ||    17
Dodge: Dodged            ||    29

Levels and vault maps discovered:
D:1:      roderic_crossed_star, layout_basic
D:2:      layout_loops_ring, basic_ecumenical_altar, uniq_jessica

Notes
Turn   | Place    | Note
-------+----------+-------------------------------------------
     0 | D:1      | Skeral the Gargoyle Venom Mage began the quest for the Orb.
     0 | D:1      | Reached XP level 1. HP: 10/10 MP: 3/3
     0 | D:1      | magus.rc [v1.10.3]
   257 | D:1      | Reached XP level 2. HP: 16/16 MP: 1/5
   270 | D:1      | Reached skill level 1 in Fighting
   492 | D:2      | Found a faded altar of an unknown god.
   499 | D:2      | Noticed an ogre
   516 | D:2      | Reached XP level 3. HP: 18/20 MP: 2/6
   582 | D:2      | Became a worshipper of Trog the Wrathful
   582 | D:2      | Reached * piety under Trog
   583 | D:2      | Quit the game

Vanquished Creatures
  2 gnolls (D:2)
  A dart slug (D:1)
  An endoplasm (D:1)
  2 giant cockroaches
  4 hobgoblins
  A quokka (D:1)
  2 bats
  3 kobolds (D:1)
16 creatures vanquished.

Table legend:
 A = Non-vault XP
 B = Vault XP
 C = Vault XP percentage of total XP
 D = Non-vault monster count
 E = Vault monster count
 F = Vault count percentage of total count
                 A         B        C        D         E       F
            +---------+---------+-------+---------+---------+-------
      Total |      55 |       0 |   0.0 |      16 |       0 |   0.0
            +---------+---------+-------+---------+---------+-------
        D:1 |      21 |       0 |   0.0 |      11 |       0 |   0.0
        D:2 |      34 |       0 |   0.0 |       5 |       0 |   0.0
            +---------+---------+-------+---------+---------+-------

Illustrated notes

Table legend:
 A = Kills in this place as a percentage of kills in entire the game.
 B = Kills by you in this place as a percentage of kills by you in the entire game.
 C = Kills by friends in this place as a percentage of kills by friends in the entire game.
 D = Other kills in this place as a percentage of other kills in the entire game.
 E = Experience gained in this place as a percentage of experience gained in the entire game.
 F = Experience gained in this place divided by the number of levels of this place that you have seen.
                   A       B       C       D       E      F
               +-------+-------+-------+-------+-------+----------------------
         Total | 100.0 | 100.0 |   N/A |   N/A | 100.0 |  27.5
       Dungeon | 100.0 | 100.0 |   N/A |   N/A | 100.0 |  27.5
               +-------+-------+-------+-------+-------+----------------------

Table legend: (Time is in decaauts)
 A = Elapsed time spent in this place.
 B = Non-inter-level travel time spent in this place.
 C = Inter-level travel time spent in this place.
 D = Time resting spent in this place.
 E = Time spent auto-exploring this place.
 F = Levels seen in this place.
 G = Mean time per level.
                   A        B        C        D        E       F      G
               +--------+--------+--------+--------+--------+-----+--------+
         Total |    585 |    478 |    107 |     17 |    103 |   2 |  292.5 |
       Dungeon |    585 |    478 |    107 |     17 |    103 |   2 |  292.5 |
               +--------+--------+--------+--------+--------+-----+--------+

Top non-repeatable levels by time:
     D:1: 482 daAuts
     D:2: 103 daAuts
